 Dungeon Sprint DCSS version 0.28-a0-1236-gb25a51b929 (webtiles) character file.

Game seed: 1040851935194733202

1836 rocky1 the Spear-Bearer (level 8, -2/79 HPs)
             Began as a Minotaur Gladiator on Dec 26, 2021.
             Was a Priest of Okawaru.
             Succumbed to a redback's poison
             ... in the Dungeon (Sprint VII: "The Pits").
             The game lasted 00:06:24 (1472 turns).

rocky1 the Spear-Bearer (Minotaur Gladiator)        Turns: 1472, Time: 00:06:24

Health: -2/79      AC: 19    Str: 19    XL:     8   Next: 87%
Magic:  10/12      EV: 13    Int:  7    God:    Okawaru [***...]
Gold:   0          SH:  0    Dex: 12    Spells: 7/7 levels left

rFire   . . .      SeeInvis .   w - +2 halberd (venom)
rCold   . . .      Faith    .   (shield currently unavailable)
rNeg    . . .      Spirit   .   y - +4 chain mail
rPois   .          Reflect  .   c - +0 hat
rElec   .          Harm     .   o - +0 cloak {rCorr}
rCorr   +          Rampage  .   (no gloves)
Will    .....      NoTele   +   (no boots)
Stlth   ..........              (no amulet)
HPRegen 0.23/turn               (no ring)
MPRegen 0.13/turn               (no ring)

@: lethally poisoned (-2 -> -36), heroic, slowed, very slow
A: horns 2, retaliatory headbutt
a: Renounce Religion, Heroism


You were in the Dungeon.
You worshipped Okawaru.
Okawaru was most pleased with you.
You visited 1 branch

Inventory:

Hand Weapons
 b - a +1 vorpal trident
 k - a +1 long sword of flaming
 n - a +2 vorpal hand axe
 u - a +1 broad axe of freezing
 v - a +2 scimitar of holy wrath
 w - a +2 halberd of venom (weapon)
 x - the +7 great mace "Firestarter" {inner flame, rF++}
   (You found it in the Dungeon)

   It burns those it strikes, dealing additional fire damage.
   It fills those it strikes with an explosive inner flame.
   It grants immunity to clouds of flame.
   rF:        It greatly protects you from fire.
Missiles
 d - 3 throwing nets (quivered)
 p - 3 poisoned darts
Armour
 c - a +0 hat (worn)
 o - a +0 cloak of preservation (worn)
 y - a +4 chain mail (worn)
Jewellery
 q - a +3 ring of evasion
 r - a +3 ring of strength
Scrolls
 j - a scroll of blinking
 l - 5 scrolls of amnesia
Potions
 a - 2 potions of invisibility
 e - 8 potions of curing
 f - 9 potions of heal wounds
 g - a potion of haste
 h - 4 potions of magic
 i - a potion of berserk rage
 s - 5 potions of brilliance
 t - a potion of mutation


   Skills:
 + Level 10.2(15.2) Fighting
 + Level 4.0(9.0) Long Blades
 - Level 14.0(19.0) Polearms
 - Level 2.0(7.0) Throwing
 + Level 10.0(15.0) Armour
 + Level 9.7(14.7) Dodging
 + Level 7.0 Invocations


You had 7 spell levels left.
You didn't know any spells.
Your spell library was empty.

Dungeon Overview and Level Annotations

Branches:
Dungeon (1/1)

Altars:
Ashenzari
Cheibriados
Dithmenos
Elyvilon
Fedhas
Gozag
Hepliaklqana
Kikubaaqudgha
Makhleb
Nemelex Xobeh
Okawaru
Qazlal
Ru
Sif Muna
Trog
Uskayaw
Vehumet
Wu Jian
Xom
Yredelemnul
Zin
The Shining One
Beogh
Jiyva
Lugonu


Innate Abilities, Weirdness & Mutations

You have a pair of horns on your head.
You reflexively headbutt those who attack you in melee.


Message History

You are poisoned.
The redback poisons you! The wraith hits you but does no damage.
You closely miss the wraith.
The wraith is lightly damaged.
You feel extremely sick.
The redback bites you but does no damage.
You puncture the wraith!
The wraith is moderately damaged.
You feel very sick. The redback bites you!
You are lethally poisoned!
The redback poisons you! The wraith misses you. You furiously retaliate!
You headbutt the wraith. The redback closely misses you.
You furiously retaliate!
You headbutt the redback. You slice the redback!!
The redback is poisoned.
The redback is almost dead.
You feel extremely sick.
You kill the redback!
Okawaru accepts your kill. The wraith hits you but does no damage.
Your base Long Blades skill increases to level 4!
Your base Armour skill increases to level 10!
Your Invocations skill increases to level 7!
You barely miss the wraith.
The wraith is heavily damaged.
You feel extremely sick.
You hit the wraith but do no damage.
The wraith is heavily damaged.
You feel extremely sick. The wraith hits you!
* * * LOW HITPOINT WARNING * * *
The wraith drains your vigour!
You feel yourself slow down.
You hit the wraith.
The wraith is heavily damaged.
* * * LOW HITPOINT WARNING * * *
You feel extremely sick. The wraith hits you but does no damage.
You hit the wraith. You headbutt the wraith.
The wraith is severely damaged.
You die...

#.##.......##..)...#
).##.......##......#
####...<...###....##
).##.......# ##''##
..##.......###[...##
####.......##......#
..###########......+
.############......#
.#....#..[[###..@.##
)#....#..[[# ##W†##
.'....'....# #....
)#....#..).##......
.#....#...)##......#
####################


You could see a wraith.

Vanquished Creatures
  A molten gargoyle (D)
  An unseen horror (D)
  An ice devil (D)
  2 flying skulls (D)
  A redback (D)
  A warg (D)
  An acid dragon (D)
  A floating eye (D)
  A kobold brigand (D)
  A quasit (D)
  A hound (D)
  Crazy Yiuf (D)
  Jessica (D)
  An orc wizard (D)
  3 adders (D)
  2 gnolls (D)
  An adder zombie (D)
  2 orcs (D)
  A ball python (D)
  An endoplasm (D)
  A giant cockroach (D)
  A ball python zombie (D)
  A kobold (D)
  A quokka zombie (D)
29 creatures vanquished.

Notes
Turn   | Place    | Note
-------+----------+-------------------------------------------
     0 | D        | rocky1 the Minotaur Gladiator began the quest for the Orb.
     0 | D        | Reached XP level 1. HP: 18/18 MP: 0/0
    21 | D        | Reached skill level 6 in Polearms
    21 | D        | Reached XP level 2. HP: 11/25 MP: 1/1
   294 | D        | Found a bloodstained altar of Trog.
   294 | D        | Found a shimmering blue altar of Sif Muna.
   294 | D        | Found a viscous altar of Jiyva.
   294 | D        | Found a hazy altar of Hepliaklqana.
   294 | D        | Found an opulent altar of Gozag.
   296 | D        | Found a glowing golden altar of the Shining One.
   296 | D        | Found a glowing silver altar of Zin.
   296 | D        | Found a basalt altar of Yredelemnul.
   296 | D        | Found a shimmering altar of Xom.
   296 | D        | Found an ornate altar of the Wu Jian Council.
   296 | D        | Found a sacrificial altar of Ru.
   296 | D        | Found a stormy altar of Qazlal.
   296 | D        | Found an iron altar of Okawaru.
   296 | D        | Found a sparkling altar of Nemelex Xobeh.
   296 | D        | Found a burning altar of Makhleb.
   296 | D        | Found a blossoming altar of Fedhas.
   296 | D        | Found a white marble altar of Elyvilon.
   296 | D        | Found a shadowy altar of Dithmenos.
   296 | D        | Found a snail-covered altar of Cheibriados.
   299 | D        | Found a corrupted altar of Lugonu.
   299 | D        | Found a radiant altar of Vehumet.
   300 | D        | Found an ancient bone altar of Kikubaaqudgha.
   300 | D        | Found a hide-covered altar of Uskayaw.
   300 | D        | Found a broken altar of Ashenzari.
   304 | D        | Became a worshipper of Warmaster Okawaru
   348 | D        | Reached skill level 7 in Polearms
   375 | D        | Noticed a floating eye
   377 | D        | Killed a floating eye
   378 | D        | Reached skill level 11 in Polearms
   378 | D        | Reached XP level 3. HP: 30/30 MP: 2/2
   378 | D        | Reached XP level 4. HP: 37/37 MP: 3/3
   483 | D        | Noticed a flying skull
   494 | D        | Killed a flying skull
   494 | D        | Reached * piety under Okawaru
   495 | D        | Reached skill level 5 in Fighting
   495 | D        | Reached skill level 12 in Polearms
   495 | D        | Reached skill level 5 in Dodging
   495 | D        | Reached XP level 5. HP: 48/48 MP: 4/4
   495 | D        | Reached XP level 6. HP: 56/56 MP: 5/5
   612 | D        | Noticed a flying skull
   614 | D        | Noticed Crazy Yiuf
   631 | D        | Killed a flying skull
   632 | D        | Reached skill level 13 in Polearms
   649 | D        | Killed Crazy Yiuf
   675 | D        | Reached XP level 7. HP: 65/66 MP: 8/8
   690 | D        | Noticed an ice devil
   697 | D        | Killed an ice devil
   697 | D        | Reached ** piety under Okawaru
   698 | D        | Reached skill level 14 in Polearms
  1089 | D        | Reached skill level 5 in Invocations
  1140 | D        | Killed an unseen horror
  1140 | D        | Reached *** piety under Okawaru
  1141 | D        | Reached XP level 8. HP: 31/78 MP: 11/11
  1154 | D        | Found the +7 great mace "Firestarter" {inner flame, rF++}
  1417 | D        | Noticed Jessica
  1422 | D        | Reached skill level 1 in Long Blades
  1423 | D        | Killed Jessica
  1460 | D        | Noticed a molten gargoyle
  1464 | D        | Killed a molten gargoyle
  1465 | D        | Reached skill level 10 in Fighting
  1469 | D        | Reached skill level 10 in Armour
  1472 | D        | Succumbed to a redback's poison

Illustrated notes

Levels and vault maps discovered:
D:        pitsprint [storerooms_1, entrance_room_1, metal_vault_2, armoury_2,
          mini_pit_1, grid_room_1, main_hall_1, silver_pit, the_coven_3,
          the_vestibule_1, steel_vault_2, golden_pit, hallway_of_sentries,
          crystal_vault_3, iron_vault_4, final_vault]

Skill      XL: |  1  2  3  4  5  6  7  8 |
---------------+-------------------------+-----
Polearms       | 6 11 12 13 14 | 14.0
Fighting       | 5 7 9 10 | 10.2
Armour         | 4 6 9 10 | 10.0
Dodging        | 5 6 8 9 |  9.7
Invocations    | 3 6 7 |  7.0
Long Blades    | 4 |  4.0
Throwing       | |  2.0

Action                   |  1- 3 |  4- 6 |  7- 9 || total
-------------------------+-------+-------+-------++-------
Melee: Trident           |    13 |    50 |    48 ||   111
       Headbutt          |     2 |     9 |    12 ||    23
       Punch             |       |       |     1 ||     1
       Halberd           |       |       |    17 ||    17
Invok: Heroism           |       |       |     2 ||     2
  Use: Potion            |       |     1 |     2 ||     3
Armor: Leather armour    |     4 |     1 |       ||     5
       Chain mail        |       |    16 |    24 ||    40
Dodge: Dodged            |     4 |    25 |    12 ||    41

Table legend: (Time is in decaauts)
 A = Elapsed time spent in this place.
 B = Non-inter-level travel time spent in this place.
 C = Inter-level travel time spent in this place.
 D = Time resting spent in this place.
 E = Time spent auto-exploring this place.
 F = Levels seen in this place.
 G = Mean time per level.
                   A        B        C        D        E       F      G
               +--------+--------+--------+--------+--------+-----+--------+
         Total |   1453 |   1382 |     71 |    999 |      0 |   1 | 1453.0 |
       Dungeon |   1453 |   1382 |     71 |    999 |      0 |   1 | 1453.0 |
               +--------+--------+--------+--------+--------+-----+--------+

Top non-repeatable levels by time:
       D: 1453 daAuts
